 Dungeon Crawl Stone Soup version 0.22-a0-617-g6d95e9e (webtiles) character file.

422 Gorglomux the Poker (level 6, -7/51 HPs)
             Began as a Merfolk Abyssal Knight on July 12, 2018.
             Was a Believer of Lugonu.
             Mangled by a gnoll
             ... wielding a +0 spear
              (10 damage)
             ... on level 4 of the Dungeon.
             The game lasted 00:07:32 (3994 turns).

Gorglomux the Poker (Merfolk Abyssal Knight)        Turns: 3994, Time: 00:07:33

Health: -7/51      AC:  6    Str: 15    XL:     6   Next: 95%
Magic:  7/7        EV: 13    Int: 11    God:    Lugonu [**....]
Gold:   118        SH:  0    Dex: 13    Spells: 5/5 levels left

rFire    . . .     SeeInvis .   J - +2 dagger (drain)
rCold    . . .     Gourm    .   (no shield)
rNeg     . . .     Faith    .   b - +0 leather armour
rPois    .         Spirit   .   o - +2 helmet
rElec    .         Reflect  .   (no cloak)
rCorr    .         Harm     .   (no gloves)
MR       .....                  (no boots)
Stlth    +.........             l - amulet of magic regeneration
HPRegen  0.17/turn              (no ring)
MPRegen  0.35/turn              (no ring)

@: heavily drained
A: change form in water, swift swim, stealthy swim
a: Depart the Abyss, Bend Space, Renounce Religion


You were on level 4 of the Dungeon.
You worshipped Lugonu.
Lugonu was pleased with you.
You were not hungry.

You visited 1 branch of the dungeon, and saw 4 of its levels.
You visited the Abyss 1 time.

You collected 118 gold pieces.

Inventory:

Hand Weapons
 a - a +1 spear
 m - a +1 whip of electrocution
 J - a +2 dagger of draining (weapon)
Armour
 b - a +0 leather armour (worn)
 o - a +2 helmet (worn)
Jewellery
 l - an amulet of magic regeneration (around neck)
Wands
 I - a wand of iceblast (5)
Scrolls
 e - a scroll of noise {unknown}
 h - 4 scrolls of blinking {unknown}
 i - a scroll of fear {unknown}
 j - 2 scrolls of identify {unknown}
 n - a scroll of teleportation {unknown}
Potions
 S - a potion of resistance {unknown}
Comestibles
 c - 4 rations
 T - 4 chunks of flesh


   Skills:
 + Level 5.4(3.5) Fighting
 + Level 6.3(4.4) Polearms
 - Level 0.6(0.0) Armour
 + Level 5.9(3.9) Dodging
 - Level 2.0(0.2) Invocations


You had 5 spell levels left.
You didn't know any spells.
Your spell library was empty.

Dungeon Overview and Level Annotations

Branches:
Dungeon (4/15)
 Temple: D:4-7

Altars:
Elyvilon
Okawaru
Yredelemnul


Message History

A gnoll comes into view! It is butt a flail!
You hear some strange, mumbled words!
Something tries to affect you, but you resist!
Unknown command!
A gnoll comes into view! It is wielding a spear!
The orc throws a tomahawk of dispersal!
The tomahawk of dispersal misses you!
A magic dart appears from butt of thin air!!!
The magic dart hits you!!!
You see here a ration!
The gnoll barely misses you!
The gnoll hits you from afar with a butt! * * * don't die
* * * The gnoll hits you with a flail! * * * don't die
* * * A magic dart appears from out of thin air!!!
The magic dart hits you!!!
The orc throws a tomahawk of dispersal!
The tomahawk of dispersal hits you but does no damage!
The gnoll hits you from afar with a spear!!! butt

...#... #....# #.#.....
#....<.. .......... .
#..####... .... # ##
#.## .....######### ..
#...
.......@..%.o###.##.####
...#.##..g##o##....
#....og##(##..#
###....##o##..###
#.............#
#.....##....#.#####
#.....##..#........
#.###.###.....##### #
..###.#..###


You could see 2 gnolls and 3 orcs.

Vanquished Creatures
  A sky beast (D:3)
  An ogre (D:4)
  2 orc wizards
  3 gnolls (D:1)
  8 adders
  2 worms
  3 leopard geckos
  5 orcs
  5 bats
  2 giant cockroaches
  8 goblins
  7 hobgoblins
  4 jackals (D:3)
  A quokka (D:2)
  3 ball pythons (D:1)
  10 frilled lizards
  9 kobolds
  6 rats
80 creatures vanquished.

Notes
Turn   | Place    | Note
-------+----------+-------------------------------------------
     0 | Abyss:1  | Gorglomux the Merfolk Abyssal Knight began the quest for the Orb.
     0 | Abyss:1  | Reached XP level 1. HP: 18/18 MP: 2/2
     7 | D:1      | Escaped the Abyss
    47 | D:1      | Reached skill level 3 in Dodging
   109 | D:1      | Reached XP level 2. HP: 21/24 MP: 3/3
   715 | D:1      | Reached XP level 3. HP: 28/30 MP: 4/4
   990 | D:2      | Reached ** piety under Lugonu
   994 | D:2      | Reached skill level 4 in Polearms
  1131 | D:1      | Reached XP level 4. HP: 7/37 MP: 5/5
  2043 | D:3      | Noticed a sky beast
  2227 | D:3      | Reached XP level 5. HP: 39/43 MP: 6/6
  2712 | D:3      | Reached skill level 5 in Polearms
  2794 | D:3      | Killed a sky beast
  2794 | D:3      | Reached XP level 6. HP: 13/50 MP: 7/7
  3173 | D:3      | Found a basalt altar of Yredelemnul.
  3460 | D:3      | Found an iron altar of Okawaru.
  3533 | D:3      | Found a white marble altar of Elyvilon.
  3864 | D:4      | Reached skill level 6 in Polearms
  3994 | D:4      | Mangled by a gnoll

Vault maps used:
D:1:      ebering_hopf_link, minmay_shallow_snake_nest
D:3:      nicolae_overflow_hidden_temple, marbit_many_paths, lemuel_round_altar
D:4:      first_ration

Skill      XL: |  1  2  3  4  5  6 |
---------------+-------------------+-----
Dodging        | 3 4 5 |  5.9
Polearms       | 4 5 6 |  6.3
Fighting       | 4 5 |  5.4
Armour         | |  0.6
Invocations    | |  2.0

Action                   |  1- 3 |  4- 6 || total
-------------------------+-------+-------++-------
Melee: Spear             |   129 |   135 ||   264
       Whip              |       |    16 ||    16
       Dagger            |       |    84 ||    84
Invok: Bend Space        |       |     3 ||     3
Evoke: Wand              |       |     2 ||     2
  Use: Potion            |       |     4 ||     4
 Stab: Sleeping          |       |     1 ||     1
  Eat: Chunk             |     1 |     6 ||     7
       Ration            |       |     1 ||     1
Armor: Leather armour    |    28 |    67 ||    95
Dodge: Dodged            |    73 |   130 ||   203

Table legend:
 A = Spawn XP
 B = Non-spawn XP
 C = Spawn XP percentage of total XP
 D = Spawn monster count
 E = Non-spawn monster count
 F = Spawn count percentage of total count
 G = Total turns spent on level
                    A         B        C        D         E        F      G
               +---------+---------+-------+---------+---------+-------+---------
         Total |       0 |     604 |   0.0 |       0 |      80 |   0.0 |  3994
               +---------+---------+-------+---------+---------+-------+---------
           D:1 |       0 |      83 |   0.0 |       0 |      27 |   0.0 |  1493
           D:2 |       0 |      95 |   0.0 |       0 |      21 |   0.0 |   967
           D:3 |       0 |     255 |   0.0 |       0 |      28 |   0.0 |  1302
           D:4 |       0 |     171 |   0.0 |       0 |       4 |   0.0 |   225
               +---------+---------+-------+---------+---------+-------+---------
